Map: [ESL] Equilibrium

Players

GuMiho

  • Race: Terran Terran
  • Spawn Location: 1:00

ByuN - Winner!

  • Race: Terran Terran
  • Spawn Location: 11:00

Event: ESL SC2 Masters 2023 Winter (Finals)

VOD

Have the link to the VOD?

Description

Time

  • Played on: Dec. 16, 2023, 1:33 p.m.
  • Length: 11:06

All games in this series

Show
View Real Time Build Order
Export as new Build Order

GuMiho Terran 

Build Orders: Cyclone Opening, Gas First Reaper Expand 

Get SALT Encoding   

  12  0:00  SCV  
  13  0:12  SCV  
  14  0:17  Supply Depot  
  14  0:24  SCV  
  14  0:27  Refinery  
  15  0:38  SCV  
  16  0:43  Barracks  
  16  0:50  SCV  
  17  1:02  SCV  
  18  1:14  SCV  
  19  1:30  Orbital Command, Reaper  
  20  1:41  Command Center  
  20  1:50  Factory  
  20  1:55  SCV  
  21  2:01  Supply Depot  
  21  2:04  Marine  
  22  2:09  SCV  
  23  2:21  SCV  
  23  2:23  Marine  
  24  2:30  Supply Depot  
  24  2:34  Hellion  
  26  2:40  Marine  
  26  2:42  SCV  
  25  2:54  SCV  
  25  2:56  Cyclone  
  28  3:00  Barracks Reactor  
  28  3:07  SCV  
  28  3:08  Refinery  
  29  3:18  Starport  
  29  3:19  SCV  
  30  3:26  Supply Depot  
  30  3:30  Cyclone  
  30  3:31  SCV  
  33  3:36  Marine x2  
  35  3:43  SCV  
  36  3:49  Supply Depot  
  35  3:55  SCV  
  35  3:56  Marine x2  
  35  3:59  Medivac  
  37  4:09  SCV  
  35  4:19  Command Center  
  35  4:21  SCV  
  36  4:26  Cyclone x2  
  36  4:29  Starport Tech Lab  
  40  4:33  SCV  
  41  4:45  SCV  
  42  4:50  Banshee, Cloaking Field  
  42  4:52  Refinery  
  45  4:57  SCV  
  45  4:59  Cyclone, Supply Depot  
  48  5:07  Cyclone  
  48  5:09  SCV  
  51  5:21  SCV  
  52  5:31  Orbital Command  
  52  5:33  Banshee, SCV  
  56  5:36  Cyclone  
  56  5:42  Cyclone  
  60  5:45  Barracks Tech Lab, SCV  
  61  5:58  SCV  
  61  6:03  SCV  
  61  6:08  Cyclone  
  61  6:10  SCV  
  63  6:14  Cyclone  
  63  6:15  SCV, Hyperflight Rotors  
  66  6:22  SCV  
  63  6:27  SCV  
  62  6:34  Banshee, SCV  
  62  6:39  SCV  
  67  6:41  Command Center  
  67  6:43  Refinery  
  67  6:45  Supply Depot  
  67  6:51  SCV x2  
  67  6:52  Factory  
  64  7:05  Hurricane Engines  
  64  7:07  SCV  
  64  7:08  SCV  
  66  7:16  Factory  
  66  7:19  Cyclone  
  66  7:20  Barracks Reactor, SCV x2  
  70  7:26  Refinery  
  70  7:32  SCV x2  
  70  7:36  Banshee  
  72  7:40  Cyclone x2  
  72  7:44  SCV x2  
  78  7:48  Supply Depot  
  78  7:52  Cyclone  
  78  7:55  Orbital Command  
  78  7:56  SCV x2  
  82  8:08  SCV x2  
  84  8:14  Cyclone x2  
  84  8:15  Cyclone x2  
  92  8:20  Supply Depot x2, SCV x2  
  92  8:21  SCV  
  92  8:23  Supply Depot  
  92  8:26  Banshee  
  98  8:27  Cyclone  
  100  8:34  Command Center  
  100  8:42  Factory  
  100  8:45  Factory, SCV x3  
  100  8:46  Cyclone  
  104  8:48  Cyclone x2  
  104  8:51  Cyclone  
  108  8:57  SCV x3  
  108  8:58  Supply Depot  
  111  9:09  Banshee, SCV x3  
  114  9:10  Siege Tank  
  117  9:19  Cyclone  
  117  9:20  Cyclone  
  117  9:21  Cyclone  
  123  9:26  Factory Tech Lab  
  123  9:28  Factory Tech Lab  
  123  9:29  SCV  
  123  9:30  SCV x2  
  125  9:48  Command Center  
  125  9:49  Siege Tank x2, Command Center  
  125  9:50  Siege Tank, Cyclone  
  125  9:52  Cyclone  
  110  10:10  Orbital Command, SCV  
  110  10:14  Cyclone  
  101  10:21  Siege Tank  
  101  10:22  SCV  
  101  10:23  Cyclone  
  90  10:34  SCV  
  93  10:36  SCV  
  94  10:46  SCV  
  94  10:48  SCV  
Show
View Real Time Build Order
Export as new Build Order

ByuN Terran - Winner!

Build Orders:  

Get SALT Encoding   

  12  0:00  SCV  
  13  0:14  Supply Depot  
  13  0:18  SCV  
  14  0:35  Barracks  
  14  0:41  Refinery  
  14  0:55  Barracks  
  14  1:00  SCV  
  15  1:12  SCV  
  16  1:24  Reaper  
  16  1:25  Orbital Command  
  17  1:32  Refinery  
  17  1:41  Reaper  
  18  1:51  SCV  
  19  1:58  Supply Depot  
  19  1:59  Reaper  
  20  2:03  SCV  
  21  2:15  SCV  
  22  2:19  Reaper  
  23  2:27  SCV  
  24  2:30  Factory  
  24  2:36  Reaper  
  25  2:39  SCV  
  25  2:51  SCV  
  26  2:58  Reaper  
  26  3:03  Command Center  
  27  3:08  SCV, Reaper  
  29  3:16  Supply Depot  
  29  3:18  Factory Reactor  
  29  3:21  SCV  
  30  3:33  SCV  
  31  3:36  Starport  
  31  3:45  SCV  
  32  3:54  Refinery  
  32  3:55  Cyclone  
  34  3:56  Cyclone  
  34  4:00  SCV  
  32  4:12  SCV  
  32  4:14  Liberator  
  32  4:16  Orbital Command  
  36  4:24  SCV  
  36  4:27  Cyclone  
  36  4:30  Cyclone  
  41  4:36  SCV  
  42  4:43  SCV  
  42  4:44  Supply Depot  
  43  4:48  SCV  
  44  4:55  SCV  
  44  4:57  Starport Tech Lab  
  44  4:59  Cyclone  
  47  5:00  SCV  
  47  5:02  Cyclone  
  50  5:08  SCV  
  50  5:11  Supply Depot  
  51  5:17  SCV  
  51  5:19  Raven, Interference Matrix  
  51  5:20  SCV  
  55  5:29  SCV  
  55  5:32  SCV  
  55  5:34  Cyclone  
  59  5:36  Cyclone, Command Center  
  61  5:43  Supply Depot  
  61  5:44  SCV x2  
  63  5:56  SCV x2  
  64  5:57  Raven  
  64  6:01  Refinery  
  66  6:08  SCV x2  
  66  6:11  Cyclone  
  67  6:14  Cyclone  
  67  6:15  Factory  
  67  6:16  Factory  
  69  6:20  SCV x2  
  63  6:32  SCV x2  
  60  6:39  Supply Depot  
  63  6:44  SCV  
  63  6:45  SCV, Engineering Bay  
  63  6:46  Viking  
  65  6:48  Cyclone x2  
  65  6:52  Orbital Command  
  69  6:57  SCV x2  
  71  7:03  Cyclone  
  71  7:04  Factory Tech Lab  
  73  7:09  SCV  
  73  7:19  Factory  
  73  7:20  Factory  
  73  7:22  Cyclone x3  
  79  7:24  Hurricane Engines  
  79  7:28  Orbital Command  
  79  7:35  Cyclone  
  79  7:36  SCV x2  
  83  7:42  Barracks Reactor, Supply Depot x2  
  83  7:46  Supply Depot  
  83  7:47  Supply Depot  
  83  7:48  SCV x2  
  85  7:54  Cyclone, SCV  
  88  7:59  Missile Turret  
  88  8:00  SCV x2  
  88  8:01  Starport Reactor  
  88  8:05  Cyclone  
  92  8:06  SCV  
  92  8:08  Factory Tech Lab, Missile Turret  
  92  8:12  SCV  
  92  8:13  SCV  
  92  8:18  SCV  
  94  8:20  Refinery  
  94  8:21  Refinery  
  94  8:26  Cyclone  
  98  8:27  Missile Turret  
  98  8:31  Cyclone  
  98  8:32  SCV x2  
  98  8:33  SCV  
  101  8:36  Supply Depot  
  101  8:37  Supply Depot  
  101  8:38  Cyclone x3  
  101  8:41  Cyclone  
  109  8:46  Cyclone  
  111  8:54  SCV x2  
  111  8:55  SCV  
  114  8:58  Cyclone  
  114  8:59  Supply Depot  
  114  9:00  Supply Depot  
  116  9:03  Cyclone  
  116  9:08  Armory  
  118  9:10  Cyclone x3  
  118  9:13  Cyclone  
  126  9:20  Cyclone  
  128  9:24  Liberator  
  128  9:25  Liberator  
  128  9:29  Orbital Command  
  128  9:30  Cyclone  
  136  9:35  Cyclone  
  136  9:42  Cyclone x3  
  136  9:45  Cyclone  
  127  9:52  Cyclone  
  119  10:02  Cyclone  
  117  10:07  Cyclone  
  119  10:14  Cyclone x3  
  119  10:17  Cyclone  
  126  10:24  Cyclone  
  126  10:26  SCV x2  
  126  10:27  SCV  
  118  10:38  SCV x2  
Tags
 
Add a new tag
Caveats
  • Supply blocks, unpowered buildings, or Contaminate may cause inaccurate times.
  • Supply counts are checked every 10 seconds.